 Dungeon Crawl Stone Soup version 0.21.1-1-g345015fe64 (webtiles) character file.

88 Ikesh the Sneak (level 4, -1/30 HPs)
             Began as a Vampire Enchanter on Mar 4, 2018.
             Killed from afar by an orc wizard (5 damage)
             ... with a magic dart
             ... on level 3 of the Dungeon.
             The game lasted 00:12:30 (2129 turns).

Ikesh the Sneak (Vampire Enchanter)                 Turns: 2129, Time: 00:12:31

Health: -1/30      AC:  6    Str:  7    XL:     4   Next: 30%
Magic:  0/7        EV: 13    Int: 18    God:
Gold:   109        SH:  0    Dex: 14    Spells: 1/7 levels left

rFire    . . .     SeeInvis +   a - +1 dagger
rCold    . . .     Gourm    .   (no shield)
rNeg     + . .     Faith    .   b - +0 robe
rPois    .         Spirit   .   (no helmet)
rElec    .         Reflect  .   (no cloak)
rCorr    .         Harm     .   j - +1 pair of gloves
MR       .....                  i - +1 pair of boots
Stlth    +++.......             (no amulet)
HPRegen  0.10/turn              (no ring)
MPRegen  0.10/turn              (no ring)

@: no status effects
A: fangs 3, see invisible, unbreathing
a: Bat Form


You were on level 3 of the Dungeon.
You were not thirsty.

You visited 1 branch of the dungeon, and saw 3 of its levels.

You collected 109 gold pieces.

Inventory:

Hand Weapons
 a - a +1 dagger (weapon)
Armour
 b - a +0 robe (worn)
 i - a +1 pair of boots (worn)
 j - a +1 pair of gloves (worn)
Wands
 m - a wand of flame (13)
Potions
 d - 16 potions of blood
 e - a potion of cancellation
 f - 2 potions of heal wounds
 g - a potion of agility
 k - 2 potions of might {unknown}
 l - 2 potions of flight {unknown}
 n - 3 potions of curing {unknown}
Books
 c - a book of Maledictions

   Spells                             Type                      Level
   a - Corona                         Hexes                        1
   b - Ensorcelled Hibernation        Hexes/Ice                    2
   c - Confuse                        Hexes                        3
   d - Tukima's Dance                 Hexes                        3
   e - Dazzling Spray                 Conjuration/Hexes            3


   Skills:
 + Level 0.2 Fighting
 + Level 1.6 Short Blades
 + Level 2.5 Dodging
 + Level 5.8 Stealth
 + Level 2.4 Spellcasting
 + Level 5.4 Hexes
 + Level 0.4 Ice Magic


You had one spell level left.
You knew the following spells:

 Your Spells              Type           Power        Failure   Level  Hunger
a - Corona                Hex            ###....      1%          1    #......
b - Ensorcelled Hibernat  Hex/Ice        ##....       8%          2    ##.....
c - Tukima's Dance        Hex            ###.....     5%          3    ###....


Dungeon Overview and Level Annotations

Branches:
Dungeon (3/15)

Altars:

Annotations:
D:3 Grinder


Innate Abilities, Weirdness & Mutations

You have razor-sharp teeth.
You have supernaturally acute eyesight. (SInv)
You can survive without breathing.


Message History

The orc wizard points at you and mumbles some strange words.
The magic dart hits you! The orc wizard casts a spell at you.
The magic dart hits you!
The orc wizard casts a spell.
The orc wizard blinks!
The orc wizard hits you with a dagger.
Casting: Ensorcelled Hibernation
Confirm with . or Enter, or press ? or * to list all spells.
Aiming: Ensorcelled Hibernation
Press: ? - help, Shift-Dir - straight line, f/p - orc wizard
Aim: an orc wizard, wielding a dagger and wearing a robe (fast, chance to defeat MR: 43%)
The orc wizard resists with some effort.
The orc wizard points at you and mumbles some strange words.
The magic dart hits you! The orc wizard casts a spell at you.
The magic dart hits you!
* * * LOW HITPOINT WARNING * * *
The orc wizard gestures at you while chanting.
The magic dart hits you!
You die...

#.......# #.....##
##..o##.. ####.####
#.....# #..#####
####.####
###########.##
#.......# #...##o#
#.##.##.#####
#.....%# #
#........# #..o####
#.....##.# ##.##
##.#.>##.#####.#
#.###.#....@....K.#
#.......###o#######
#####.### #.# #..
..# #### ####


You could see an orc wizard and a kobold.

Vanquished Creatures
  3 adders (D:2)
  An ooze (D:2)
  2 worms (D:2)
  2 leopard geckos
  5 bats
  A giant cockroach (D:2)
  5 goblins
  10 hobgoblins
  A quokka (D:2)
  2 frilled lizards (D:2)
  7 kobolds
  7 rats
46 creatures vanquished.

Vanquished Creatures (collateral kills)
  A kobold (D:3)
1 creature vanquished.

Grand Total: 47 creatures vanquished

Notes
Turn   | Place    | Note
-------+----------+-------------------------------------------
     0 | D:1      | Ikesh the Vampire Enchanter began the quest for the Orb.
     0 | D:1      | Reached XP level 1. HP: 13/13 MP: 3/3
   372 | D:1      | Reached XP level 2. HP: 11/19 MP: 3/5
   376 | D:1      | Learned a level 2 spell: Ensorcelled Hibernation
  1028 | D:2      | Reached skill level 5 in Stealth
  1028 | D:2      | Reached skill level 5 in Hexes
  1055 | D:2      | Reached XP level 3. HP: 19/24 MP: 0/6
  1488 | D:2      | Learned a level 3 spell: Tukima's Dance
  1786 | D:2      | Reached XP level 4. HP: 30/30 MP: 4/7
  2109 | D:3      | Noticed Grinder
  2129 | D:3      | Killed from afar by an orc wizard

Skill      XL: |  1  2 |
---------------+-------+-----
Stealth        | 5 |  5.8
Hexes          | 5 |  5.4
Fighting       | |  0.2
Short Blades   | |  1.6
Dodging        | |  2.5
Spellcasting   | |  2.4
Ice Magic      | |  0.4

Action                   |  1- 3 |  4- 6 || total
-------------------------+-------+-------++-------
Melee: Dagger            |    84 |    21 ||   105
       Bite              |     1 |       ||     1
 Cast: Corona            |     5 |       ||     5
       Ensorcelled Hiber |    20 |     9 ||    29
       Tukima's Dance    |       |     1 ||     1
  Use: Potion            |     7 |     1 ||     8
       Scroll            |     7 |     1 ||     8
 Stab: Sleeping          |    22 |     7 ||    29
Armor: Robe              |    10 |     5 ||    15
Dodge: Dodged            |    37 |    19 ||    56
